 Dungeon Crawl Stone Soup version 0.27-a0-931-g5a74e75d8f (webtiles) character file.

Game seed: 17199473959696361638

58 Alarkh the Insei (level 3, -2/28 HPs)
             Began as a Demonspawn Gladiator on Apr 10, 2021.
             Killed by nerve-wracking pain
             ... invoked by a shadow imp
             ... summoned by Natasha
              (10 damage)
             ... on level 2 of the Dungeon.
             The game lasted 00:01:28 (1197 turns).

Alarkh the Insei (Demonspawn Gladiator)             Turns: 1197, Time: 00:01:29

Health: -2/28      AC:  4    Str: 12 (14) XL:     3   Next: 75%
Magic:  12/12      EV: 12    Int:  8 (10) God:
Gold:   63         SH:  0    Dex: 12 (14) Spells: 2/2 levels left

rFire    . . .     SeeInvis .     - Unarmed
rCold    . . .     Faith    .   (no shield)
rNeg     . . .     Spirit   .   a - +0 leather armour
rPois    .         Reflect  .   b - +0 helmet
rElec    .         Harm     .   (no cloak)
rCorr    .         Rampage  .   (no gloves)
Will     .....                  (no boots)
Stlth    +.........             (no amulet)
HPRegen  0.09/turn              f - +4 ring of slaying
MPRegen  0.13/turn              g - ring of magical power

@: slowed, very slow
A: powered by death 1
a: no special abilities


You were on level 2 of the Dungeon.
You visited 1 branch of the dungeon, and saw 2 of its levels.

You collected 63 gold pieces.

Inventory:

Missiles
 c - 3 throwing nets (quivered)
Armour
 a - a +0 leather armour (worn)
 b - a +0 helmet (worn)
Jewellery
 f - a +4 ring of slaying (left hand)
 g - a ring of magical power (right hand)
Scrolls
 d - a scroll of immolation {unknown}
 e - 3 scrolls of teleportation {unknown}
 j - a scroll of enchant weapon {unknown}
 k - a scroll of acquirement {unknown}
 l - a scroll of amnesia {unknown}
 n - a scroll of fear {unknown}
Potions
 h - a potion of degeneration
 i - a potion of heal wounds {unknown}
 m - a potion of ambrosia {unknown}


   Skills:
 + Level 2.8 Fighting
 - Level 1.7 Throwing
 - Level 2.6 Dodging
 * Level 3.9 Unarmed Combat


You had 2 spell levels left.
You didn't know any spells.
Your spell library was empty.

Dungeon Overview and Level Annotations

Branches:
Dungeon (2/15)

Altars:

Annotations:
D:2 Natasha


Innate Abilities, Weirdness & Mutations

You regenerate a little health from kills.


Message History

No target in view!
No target in view!
No target in view!
You now have 63 gold pieces (gained 7).
n - a scroll labelled ZUAROR WUEPERCHO
Found a halberd.
You see here a +0 halberd.
You see here a +0 halberd.
Natasha, Servant of Life and Death comes into view.
Natasha hisses angrily.
Natasha is nearby!
You closely miss Natasha. Natasha claws you.
You hit Natasha.
Natasha is lightly wounded.
Natasha stares at you and mumbles some strange words.
You barely miss Natasha.
Natasha is lightly wounded.
Natasha stares at you and mumbles some strange words.
You feel yourself slow down.
You hit Natasha.
Natasha is lightly wounded.
Natasha claws you!
You barely miss Natasha.
Natasha is lightly wounded.
Natasha howls an incantation.
Natasha glows brightly for a moment.
Natasha casts a spell.
You barely miss Natasha.
Natasha is lightly wounded.
Natasha claws you! Natasha barely misses you.
It was a potion of degeneration.
There was something very wrong with that liquid.
You feel weakened.
You feel dopey.
You feel clumsy. Natasha claws you.
* * * LOW HITPOINT WARNING * * *
You barely miss Natasha.
Natasha is lightly wounded.
The shadow imp gestures at you. Pain shoots through your body!
You die...

# #..# #. # #..# #.# #
#..# ### ##.### #..#
#.......## #..#
##.#.##..##
#####..######.....#..##
#....5h..............##
#.@# ###.......... #..#
#.......#..##
#..####............
#.)..............##
#########.####......###.#
..........# #.#...## #.#
########### #.##.......#
#.########## #.#


You could see Natasha and a shadow imp (summoned).

Vanquished Creatures
  2 adders (D:2)
  A worm (D:2)
  A dart slug (D:2)
  6 ball pythons
  3 bats
  An endoplasm (D:2)
  A giant cockroach (D:1)
  3 hobgoblins
  3 quokkas
  2 frilled lizards (D:1)
  4 goblins
  3 kobolds (D:1)
  4 rats
34 creatures vanquished.

Notes
Turn   | Place    | Note
-------+----------+-------------------------------------------
     0 | D:1      | Alarkh the Demonspawn Gladiator began the quest for the
                  | Orb.
     0 | D:1      | Reached XP level 1. HP: 16/16 MP: 1/1
    64 | D:1      | Reached skill level 3 in Unarmed Combat
   226 | D:1      | Gained mutation: You regenerate a little health from kills.
                  | [demonic ancestry]
   226 | D:1      | Reached XP level 2. HP: 20/22 MP: 2/2
   878 | D:2      | Reached XP level 3. HP: 28/28 MP: 3/3
  1186 | D:2      | Noticed Natasha
  1197 | D:2      | Killed from afar by a shadow imp

Illustrated notes

Levels and vault maps discovered:
D:1:      roderic_octagonal_star, layout_basic, minmay_misc_feat_five
D:2:      minmay_door_path, layout_loops_ring, minmay_pentomino_u4, uniq_natasha

Skill      XL: |  1 |
---------------+----+-----
Unarmed Combat | 3 |  3.9
Fighting       | |  2.8
Throwing       | |  1.7
Dodging        | |  2.6

Action                   || total
-------------------------++-------
Melee: Unarmed           ||   107
       Punch             ||     1
  Use: Potion            ||     1
 Stab: Sleeping          ||     3
Armor: Leather armour    ||    18
Dodge: Dodged            ||    56

Table legend: (Time is in decaauts)
 A = Elapsed time spent in this place.
 B = Non-inter-level travel time spent in this place.
 C = Inter-level travel time spent in this place.
 D = Time resting spent in this place.
 E = Time spent auto-exploring this place.
 F = Levels seen in this place.
 G = Mean time per level.
                   A        B        C        D        E       F      G
               +--------+--------+--------+--------+--------+-----+--------+
         Total |   1191 |   1185 |      6 |      0 |    973 |   2 |  595.5 |
       Dungeon |   1191 |   1185 |      6 |      0 |    973 |   2 |  595.5 |
               +--------+--------+--------+--------+--------+-----+--------+

Top non-repeatable levels by time:
     D:1: 759 daAuts
     D:2: 431 daAuts
